 Dungeon Crawl Stone Soup version 0.24.0-13-gcf9b3192b9 (webtiles) character file.

Game seed: 16591103356949768775, levelgen mode: deterministic

1211 MTVSty1e the Cleaver (level 8, -1/64 HPs)
             Began as a Minotaur Berserker on Nov 6, 2019.
             Was a Priest of Trog.
             Succumbed to a hornet's poison
             ... on level 7 of the Dungeon.
             The game lasted 00:05:37 (4080 turns).

MTVSty1e the Cleaver (Minotaur Berserker)           Turns: 4080, Time: 00:05:38

Health: -1/64      AC: 11    Str: 29    XL:     8   Next: 22%
Magic:  7/7        EV:  8    Int:  4    God:    Trog [***...]
Gold:   226        SH:  0    Dex: 10    Spells: 7/7 levels left

rFire    + . .     SeeInvis .   a - +0 hand axe
rCold    x . .     Gourm    .   (no shield)
rNeg     . . .     Faith    .   m - +0 plate armour
rPois    .         Spirit   .   (helmet restricted)
rElec    .         Reflect  .   (no cloak)
rCorr    .         Harm     .   (no gloves)
MR       .....                  (no boots)
Stlth    ..........             (no amulet)
HPRegen  0.20/turn              e - ring of fire
MPRegen  0.10/turn              (no ring)

@: mighty, lethally poisoned (-1 -> -12), slowed, very slow
A: retaliatory headbutt, horns 2
a: Berserk, Trog's Hand, Renounce Religion


You were on level 7 of the Dungeon.
You worshipped Trog.
Trog was most pleased with you.
You were very hungry.

You visited 1 branch of the dungeon, and saw 5 of its levels.

You collected 226 gold pieces.

Inventory:

Hand Weapons
 a - a +0 hand axe (weapon)
Armour
 k - a +1 ring mail
 m - a +0 plate armour (worn)
Jewellery
 e - a ring of fire (left hand)
 l - a +3 ring of dexterity {unknown}
Scrolls
 d - 3 scrolls of teleportation
 g - 3 scrolls of remove curse
 h - a scroll of fog
 i - a scroll of identify
Potions
 f - a potion of mutation
Comestibles
 c - 2 rations


   Skills:
 - Level 3.6 Fighting
 * Level 12.0 Axes
 - Level 2.4 Armour
 - Level 2.1 Dodging


You had 7 spell levels left.
You didn't know any spells.
Your spell library was empty.

Dungeon Overview and Level Annotations

Branches:
Dungeon (4/15)             Temple (0/1) D:4

Altars:
Ashenzari
Makhleb
Nemelex Xobeh
Okawaru
Qazlal
Trog
Uskayaw
Vehumet


Innate Abilities, Weirdness & Mutations

You reflexively headbutt those who attack you in melee.
You have a pair of horns on your head.


Message History

You feel sick. The hornet stings you.
* * * LOW HITPOINT WARNING * * *
You feel as though you will be slow longer.
You slash the hornet! Your headbutt misses the hornet.
The hornet is severely wounded.
The hornet barely misses you.
The hornet stings you but does no damage.
You barely miss the hornet. Your headbutt misses the hornet.
The hornet is severely wounded.
You feel sick. The hornet stings you!
* * * LOW HITPOINT WARNING * * *
You are more poisoned.
You feel as though you will be slow longer.
You slash the hornet!
You kill the hornet!
Trog accepts your kill.
Your Axes skill increases to level 12!
* * * LOW HITPOINT WARNING * * *
You feel sick.
You die...

### #### #.. ... #.#
.!. #.####.#.#.#
#.##.......#
###.##@###.#. ###
#..>.......... #.#
#.#.##.###.###
####.###.#.##.##
#...............
#.####.#.#.##.##
#.####...#.##.#######
#....#...............
####.#............#


There were no monsters in sight!

Vanquished Creatures
  A hornet (D:7)
  A hippogriff (D:7)
  A phantom (D:7)
  An ogre (D:4)
  2 scorpions
  5 wights (D:7)
  A howler monkey (D:4)
  3 iguanas
  3 worker ants (D:4)
  8 adders
  An ooze (D:4)
  2 adder skeletons
  A worm (D:3)
  A dart slug (D:1)
  5 leopard geckos
  8 orcs
  6 bats
  5 giant cockroaches
  9 goblins
  6 hobgoblins
  5 jackals
  3 quokkas
  3 ball pythons
  4 frilled lizards
  8 kobolds
  2 quokka skeletons
  8 rats
103 creatures vanquished.

Notes
Turn   | Place    | Note
-------+----------+-------------------------------------------
     0 | D:1      | MTVSty1e the Minotaur Berserker began the quest for the
                  | Orb.
     0 | D:1      | Reached XP level 1. HP: 19/19 MP: 0/0
    39 | D:1      | Reached skill level 4 in Axes
   141 | D:1      | Reached XP level 2. HP: 22/26 MP: 1/1
   525 | D:1      | Reached skill level 5 in Axes
   572 | D:1      | Reached ** piety under Trog
   708 | D:1      | Reached XP level 3. HP: 30/31 MP: 2/2
   940 | D:2      | Found a stormy altar of Qazlal.
   940 | D:2      | Found a sparkling altar of Nemelex Xobeh.
   945 | D:2      | Found a hide-covered altar of Uskayaw.
  1200 | D:2      | Reached XP level 4. HP: 39/39 MP: 3/3
  1318 | D:2      | Found a shattered altar of Ashenzari.
  1320 | D:2      | Reached skill level 6 in Axes
  1421 | D:2      | Found an iron altar of Okawaru.
  1632 | D:2      | Found a radiant altar of Vehumet.
  1636 | D:2      | Found a burning altar of Makhleb.
  1776 | D:3      | Found a faded altar of an unknown god.
  1955 | D:3      | Found a bloodstained altar of Trog.
  2017 | D:3      | Reached XP level 5. HP: 40/45 MP: 4/4
  2035 | D:3      | Reached skill level 7 in Axes
  2200 | D:3      | Reached *** piety under Trog
  2780 | D:4      | Noticed an ogre
  2787 | D:4      | Killed an ogre
  2787 | D:4      | Reached skill level 8 in Axes
  2787 | D:4      | Reached XP level 6. HP: 34/51 MP: 5/5
  3397 | D:4      | Found a staircase to the Ecumenical Temple.
  3400 | D:4      | Reached skill level 9 in Axes
  3601 | D:4      | You fall into a shaft and drop 3 floors!
  3632 | D:7      | Noticed a hippogriff
  3645 | D:7      | Reached XP level 7. HP: 44/57 MP: 6/6
  3649 | D:7      | Reached skill level 10 in Axes
  3655 | D:7      | Killed a hippogriff
  3656 | D:7      | Reached skill level 11 in Axes
  4037 | D:7      | Reached XP level 8. HP: 54/64 MP: 7/7
  4066 | D:7      | Noticed a hornet
  4078 | D:7      | HP: 3/64 [hornet (8)]
  4079 | D:7      | Killed a hornet
  4079 | D:7      | Reached skill level 12 in Axes
  4079 | D:7      | HP: 1/64 [poisoned by a hornet]
  4080 | D:7      | Succumbed to a hornet's poison

Levels and vault maps discovered:
D:1:      ebering_hopf_link, layout_loops_ring, chequers_arboretum
D:2:      layout_rooms, minitemple, grunt_temple_overflow_open,
          okawaru_gym_becter, evilmike_ruin_ashenzari
D:3:      layout_basic, chequers_ecumenical_altar_simple,
          trog_three_pillars_becter
D:4:      layout_cave_pools, tgw_xom, minmay_temple_entry_mini_moons,
          minmay_distorted
D:7:      layout_basic, serial_shops, shop

Skill      XL: |  1  2  3  4  5  6  7  8 |
---------------+-------------------------+-----
Axes           | 4 5 6 8 9 11 12 | 12.0
Fighting       | |  3.6
Armour         | |  2.4
Dodging        | |  2.1

Action                   |  1- 3 |  4- 6 |  7- 9 || total
-------------------------+-------+-------+-------++-------
Melee: Hand axe          |    69 |   164 |    42 ||   275
       Headbutt          |     6 |    21 |    10 ||    37
  Use: Scroll            |       |     9 |       ||     9
       Potion            |       |     1 |     3 ||     4
  Eat: Chunk             |       |     2 |       ||     2
       Ration            |       |     2 |       ||     2
Armor: Animal skin       |     9 |     1 |       ||    10
       Ring mail         |       |    24 |       ||    24
       Skin              |       |    24 |     3 ||    27
       Plate armour      |       |     4 |    21 ||    25
Dodge: Dodged            |    63 |    80 |    11 ||   154
